 Dungeon Crawl Stone Soup version 0.28.0-1-gb440e238dd (webtiles) character file.

Game seed: 17393248265577181970

1028 iguanaiguana the Blocker (level 8, -11/66 HPs)
             Began as a Hill Orc Abyssal Knight on Feb 19, 2022.
             Was a Priest of Lugonu.
             Mangled by an orc warrior (17 damage)
             ... on level 7 of the Dungeon.
             The game lasted 00:03:54 (4944 turns).

iguanaiguana the Blocker (Hill Orc Abyssal Knight)  Turns: 4944, Time: 00:03:54

Health: -11/66     AC: 14    Str: 18    XL:     8   Next: 23%
Magic:  10/10      EV:  7    Int: 16    God:    Lugonu [***...]
Gold:   203        SH: 11    Dex: 11    Spells: 7/7 levels left

rFire   . . .      SeeInvis .   u - +0 war axe
rCold   . . .      Faith    .   j - +0 buckler
rNeg    . . .      Spirit   .   c - +0 chain mail
rPois   .          Reflect  +   t - +2 helmet
rElec   .          Harm     .   g - +0 cloak
rCorr   .          Rampage  .   h - +0 pair of gloves
Will    .....                   (no boots)
Stlth   ..........              i - amulet of reflection
HPRegen 0.21/turn               v - +6 ring of intelligence
MPRegen 0.12/turn               (no ring)

@: no status effects
A: no striking features
a: Renounce Religion, Depart the Abyss, Bend Space, Banish


You were on level 7 of the Dungeon.
You worshipped Lugonu.
Lugonu was most pleased with you.
You visited 1 branch of the dungeon, and saw 7 of its levels.
You visited the Abyss 1 time.
You also visited: Sewer.

You collected 203 gold pieces.

Inventory:

Hand Weapons
 a - a +1 hand axe
 u - a +0 war axe (weapon)
Armour
 b - a +0 leather armour
 c - a +0 chain mail (worn)
 g - a +0 cloak (worn)
 h - a +0 pair of gloves (worn)
 j - a +0 buckler (worn)
 t - a +2 helmet (worn)
Jewellery
 i - an amulet of reflection (around neck)
 v - a +6 ring of intelligence (left hand)
Wands
 z - a wand of iceblast (7) {@v2}
Scrolls
 e - 3 scrolls of enchant weapon {unknown}
 f - 5 scrolls of identify {unknown}
 l - 2 scrolls of teleportation {unknown}
 m - 3 scrolls of vulnerability {unknown}
 q - 2 scrolls of acquirement {unknown}
 r - a scroll of fog {unknown}
 s - a scroll of summoning {unknown}
 y - a scroll of enchant armour {unknown}
 A - a scroll of blinking {unknown}
 B - a scroll of immolation {unknown}
Potions
 d - 2 potions of heal wounds {@q2}
 k - 4 potions of curing {unknown}
 n - 2 potions of flight
 o - a potion of haste {unknown}
 p - 2 potions of magic {unknown}
 w - a potion of lignification {unknown}
 x - 2 potions of mutation {unknown}
 C - a potion of attraction {unknown}


   Skills:
 - Level 4.0 Fighting
 - Level 4.0 Axes
 - Level 2.6 Armour
 - Level 1.2 Dodging
 + Level 9.1 Shields
 - Level 3.6 Invocations


You had 7 spell levels left.
You didn't know any spells.
Your spell library was empty.

Dungeon Overview and Level Annotations

Branches:
Dungeon (7/15)             Temple (0/1) D:5           Sewer (visited)

Altars:
Qazlal
Uskayaw


Message History

An orc priest comes into view. It is wielding a +0 flail.
Found a fuming orange potion.
The orc priest shouts, "Join the one true god or die!" (press Y on the ability menu to convert to Beogh)
The orc priest shouts!
An orc comes into view. It is wielding a +0 club.
The orc shouts!
An orc warrior comes into view. It is wielding a +0 scimitar.
The orc warrior shouts!
The orc priest hits you with a +0 flail.
There are monsters nearby!
You slash the orc priest!
The orc priest is almost dead.
The orc priest calls down the wrath of Beogh upon you.
Beogh smites you!
The orc priest calls down the wrath of Beogh upon you.
Beogh smites you!
You closely miss the orc priest.
The orc priest is almost dead.
An orc comes into view. It is wielding a +0 flail.
The orc priest miscasts a cantrip.
You slash the orc priest!
You kill the orc priest!
Lugonu accepts your kill.
You closely miss the orc warrior. You block the orc warrior's attack.
There are monsters nearby!
You closely miss the orc warrior. You hit the orc.
The orc warrior hits you but does no damage.
You block the orc warrior's attack.
You hit the orc.
You kill the orc!
Lugonu accepts your kill.
You closely miss the orc warrior. You slash the orc!
You kill the orc!
Lugonu accepts your kill.
The orc warrior hits you with a +0 scimitar.
You barely miss the orc warrior. You block the orc warrior's attack.
An orc warrior is nearby!
You hit the orc warrior.
The orc warrior is lightly wounded.
The orc warrior hits you with a +0 scimitar. x2
You are too injured to fight recklessly!
You are too injured to fight recklessly!
An orc warrior is nearby!
You are too injured to fight recklessly!
You are too injured to fight recklessly!
You are too injured to fight recklessly!
An orc warrior is nearby!
You are too injured to fight recklessly!
You are too injured to fight recklessly!
You are too injured to fight recklessly!
An orc warrior is nearby!
You are too injured to fight recklessly!
You are too injured to fight recklessly!
You are too injured to fight recklessly!
An orc warrior is nearby!
You are too injured to fight recklessly!
You are too injured to fight recklessly!
You are too injured to fight recklessly!
An orc warrior is nearby!
You are too injured to fight recklessly!
You are too injured to fight recklessly!
You are too injured to fight recklessly!
An orc warrior is nearby!
You closely miss the orc warrior.
The orc warrior is lightly wounded.
The orc warrior barely misses you.
You hit the orc warrior.
The orc warrior is moderately wounded.
You block the orc warrior's attack.
You hit the orc warrior.
The orc warrior is heavily wounded.
You hit the orc warrior.
The orc warrior is severely wounded.
The orc warrior closely misses you. You block the orc warrior's attack.
You completely miss the orc warrior.
The orc warrior is severely wounded.
The orc warrior hits you with a +0 scimitar!
* * * LOW HITPOINT WARNING * * *
You hit the orc warrior but do no damage.
The orc warrior is severely wounded.
You block the orc warrior's attack.
The orc warrior hits you with a +0 scimitar.
* * * LOW HITPOINT WARNING * * *
You hit the orc warrior but do no damage.
The orc warrior is severely wounded.
You block the orc warrior's attack.
You barely miss the orc warrior.
The orc warrior is severely wounded.
The orc warrior hits you with a +0 scimitar!
* * * LOW HITPOINT WARNING * * *
You closely miss the orc warrior.
The orc warrior is severely wounded.
You block the orc warrior's attack.
You hit the orc warrior.
The orc warrior is severely wounded.
The orc warrior hits you with a +0 scimitar.
* * * LOW HITPOINT WARNING * * *
The orc warrior hits you with a +0 scimitar!
You die...

#! .#..## #... ..... #
## ..#...#..# .#
.###.....#..# .# .
.#..#..##..# ..# ..##
#.#.#.#.#..##..##
....##.#..###...)o...###
...........#....@)......
#.............##.#.###
####.#.#.....## #
#.#.....>.....
#.#######.#### #.# #.#
#.# #.# ######.# #.#
.......##


You could see an orc warrior.

Vanquished Creatures
  2 ice beasts
  2 black bears (D:4)
  A necrophage (D:7)
  A phantom (D:5)
  A scorpion (D:2)
  A water moccasin zombie (D:5)
  A water moccasin skeleton (D:5)
  A centaur zombie (D:5)
  An orc priest (D:7)
  2 hound skeletons (D:4)
  A howler monkey zombie (D:4)
  8 adders
  6 river rats (Sewer)
  An ufetubus (D:4)
  5 worms
  9 orcs
  6 ball pythons
  14 bats
  5 endoplasms
  7 giant cockroaches
  6 goblins
  2 hobgoblins
  4 jackals
  3 kobolds
  4 quokkas
  7 frilled lizards
  4 rats
105 creatures vanquished.

Vanquished Creatures (others)
  2 plants (D:5)
2 creatures vanquished.

Grand Total: 107 creatures vanquished

Notes
Turn   | Place    | Note
-------+----------+-------------------------------------------
     0 | Abyss:1  | iguanaiguana the Hill Orc Abyssal Knight began the quest
                  | for the Orb.
     0 | Abyss:1  | Reached XP level 1. HP: 19/19 MP: 2/2
     0 | D:1      | Escaped the Abyss
   337 | D:1      | Reached XP level 2. HP: 24/27 MP: 4/4
   518 | D:2      | Noticed a scorpion
   525 | D:2      | Killed a scorpion
   526 | D:2      | Reached skill level 1 in Dodging
   526 | D:2      | Reached XP level 3. HP: 15/33 MP: 5/5
   526 | D:2      | Reached XP level 4. HP: 19/40 MP: 6/6
   649 | D:2      | Reached * piety under Lugonu
  1084 | D:2      | Reached skill level 1 in Shields
  1528 | D:3      | Found a glowing drain.
  1558 | Sewer    | Entered a sewer
  1611 | Sewer    | Reached skill level 2 in Shields
  1755 | Sewer    | Reached XP level 5. HP: 33/46 MP: 7/7
  1868 | Sewer    | Reached skill level 3 in Shields
  2096 | Sewer    | Reached ** piety under Lugonu
  2145 | Sewer    | Reached skill level 4 in Shields
  2160 | Sewer    | Reached XP level 6. HP: 22/52 MP: 8/8
  3229 | D:4      | Reached skill level 5 in Shields
  3275 | D:4      | Noticed a black bear
  3334 | D:4      | Noticed a black bear
  3351 | D:4      | Killed a black bear
  3461 | D:4      | Killed a black bear
  3461 | D:4      | Reached *** piety under Lugonu
  3462 | D:4      | Reached skill level 6 in Shields
  3462 | D:4      | Reached XP level 7. HP: 48/59 MP: 9/9
  3901 | D:5      | Entered Level 5 of the Dungeon
  3918 | D:5      | Noticed a fire elemental
  3919 | D:5      | Found a stormy altar of Qazlal.
  3931 | D:5      | Reached skill level 7 in Shields
  4309 | D:5      | Reached skill level 8 in Shields
  4311 | D:5      | Noticed a water elemental
  4312 | D:5      | Noticed an air elemental
  4433 | D:5      | Found a staircase to the Ecumenical Temple.
  4826 | D:7      | Found a hide-covered altar of Uskayaw.
  4857 | D:7      | Reached XP level 8. HP: 51/66 MP: 10/10
  4863 | D:7      | Reached skill level 9 in Shields
  4944 | D:7      | Mangled by an orc warrior

Illustrated notes

Levels and vault maps discovered:
D:1:      dpeg_arrival_tiny_k, layout_rooms
D:2:      layout_loops_ring
D:3:      layout_basic, gup_sewer_entry_spiral, minmay_vboxes
D:4:      layout_basic, minmay_increasing_density
D:5:      nicolae_cairo_tiling_large_dashed, layout_gridville,
          nicolae_qazlal_style_of_elements, minmay_temple_entry_overgrown
D:6:      cheibrodos_barr_body, layout_basic, serial_shops,
          nicolae_shop_bloodbath_and_beyond
D:7:      layout_loops_ring, glass_columns_c, hangedman_feature_mirror,
          uniq_prince_ribbit1, uniq_maggie

Skill      XL: |  1  2  3  4  5  6  7  8 |
---------------+-------------------------+-----
Axes           | 3 4 |  4.0
Fighting       | 4 |  4.0
Dodging        | 1 |  1.2
Invocations    | 3 |  3.6
Shields        | 2 4 6 8 9 |  9.1
Armour         | |  2.6

Action                   |  1- 3 |  4- 6 |  7- 9 || total
-------------------------+-------+-------+-------++-------
Melee: Hand axe          |    29 |   242 |       ||   271
       War axe           |       |    72 |    92 ||   164
Invok: Depart the Abyss  |     1 |       |       ||     1
  Use: Potion            |       |     3 |       ||     3
Armor: Leather armour    |    15 |       |       ||    15
       Chain mail        |     5 |   194 |    45 ||   244
Dodge: Dodged            |    17 |    97 |    23 ||   137
Block: Buckler           |       |   172 |    50 ||   222
